 Dungeon Crawl Stone Soup version 0.29.0-4-gdea44cf6ec (webtiles) character file.

Game seed: 13644225759780038898

74 qw the Ruffian (level 4, 0/35 HPs)
             Began as a Ghoul Fire Elementalist on Aug 29, 2022.
             Slain by a gnoll
             ... wielding a +0 spear
              (4 damage)
             ... on level 2 of the Dungeon.
             The game lasted 00:01:39 (2275 turns).

qw the Ruffian (Ghoul Fire Elementalist)            Turns: 2275, Time: 00:01:39

Health: 0/35       AC:  2    Str: 13    XL:     4   Next: 28%
Magic:  5/5        EV: 11    Int: 10    God:
Gold:   49         SH:  2    Dex:  9    Spells: 5/6 levels left

rFire   . . .      SeeInvis .     - Unarmed
rCold   + . .      Faith    .   d - +0 buckler
rNeg    + + +      Spirit   .   a - +0 robe
rPois   inf        Reflect  .   (no helmet)
rElec   .          Harm     .   (no cloak)
rCorr   +          Rampage  .   (no gloves)
Will    .....                   (no boots)
Stlth   +.........              (no amulet)
HPRegen 0.00/turn               b - ring of resist corrosion
MPRegen 0.09/turn               (no ring)

@: inhibited regen, very slow
A: claws 1, cold resistance 1, negative energy resistance 3, inhibited
regeneration, torment resistance 2, devour on kill
a: no special abilities


You were on level 2 of the Dungeon.
You visited 1 branch of the dungeon, and saw 2 of its levels.

You collected 49 gold pieces.


Innate Abilities, Weirdness & Mutations

You are immune to poison.
You have sharp fingernails.
Your flesh is cold resistant. (rC+)
You are immune to negative energy. (rN+++)
You do not regenerate when monsters are visible.
You are immune to unholy pain and torment.
You thrive by killing the living.


   Skills:
 - Level 1.1 Fighting
 - Level 1.7 Dodging
 - Level 2.1 Stealth
 + Level 3.8 Unarmed Combat
 - Level 1.7 Spellcasting
 - Level 0.7 Conjurations
 - Level 2.4 Fire Magic


You had 5 spell levels left.
You knew the following spells:

 Your Spells              Type           Power      Damage    Failure   Level
a - Foxfire               Conj/Fire      16%        2x1d4     22%         1

Your spell library contained the following spells:

 Spells                   Type           Power      Damage    Failure   Level
 Scorch                   Fire           10%        2d5       24%         2
 Conjure Flame            Conj/Fire      4%         6-21      56%         3
 Inner Flame              Hex/Fire       3%         N/A       63%         3
 Flame Wave               Conj/Fire      4%         2d5       92%         4

Inventory:

Armour
 a - a +0 robe (worn)
 c - a +0 ring mail of cold resistance
 d - a +0 buckler (worn)
Jewellery
 b - a ring of resist corrosion (left claw)

Dungeon Overview and Level Annotations

Branches:
Dungeon (2/15)

Altars:


Message History

Enter note: A gnoll comes into view. It is wielding a +0 halberd.
You enter the shallow water.
Moving in this stuff is going to be slow.
The gnoll shouts!
You enter the shallow water.
Moving in this stuff is going to be slow.
The gnoll shouts!
A gnoll comes into view. It is wielding a +0 spear.
The gnoll hits you from afar with a +0 halberd!
The gnoll closely misses you.
You scratch the gnoll but do no damage. You block the gnoll's attack.
You scratch the gnoll.
The gnoll is lightly wounded.
The gnoll hits you with a +0 halberd!
You scratch the gnoll.
The gnoll is moderately wounded.
The gnoll completely misses you.
You scratch the gnoll.
The gnoll is severely wounded.
The gnoll barely misses you.
The gnoll hits you from afar with a +0 spear.
You barely miss the gnoll.
The gnoll is severely wounded.
The gnoll splashes around in the water.
You block the gnoll's attack. The gnoll barely misses you.
You scratch the gnoll.
You kill the gnoll!
The gnoll misses you. The gnoll barely misses you.
You enter the shallow water.
Moving in this stuff is going to be slow.
The gnoll splashes around in the water.
You block the gnoll's attack.
You scratch the gnoll.
The gnoll is moderately wounded.
The gnoll hits you but does no damage. The gnoll hits you with a +0 spear.
You closely miss the gnoll.
The gnoll is moderately wounded.
The gnoll hits you but does no damage. The gnoll hits you with a +0 spear.
You die...

...........w................
......#....######...........
....##..####~~~~####........
.... #..###~~~~~~###.w......
... #.....~~...............
.. #....~~................
#?..~....~~............
#...~g.~~..~........... ...
#....g@.)..~...........
...###....[..}~~............
............~~(.........)...
...........~....~~..........
..........~..~~..~.........
...........~~....~.........
.<.#..........~~........##
#.........~~.....######
#..###~~~~~~###........


You could see 2 gnolls.

Vanquished Creatures
  A gnoll (D:2)
  2 adders (D:2)
  2 worms (D:2)
  A dart slug (D:2)
  3 bats (D:2)
  3 endoplasms
  2 giant cockroaches
  3 goblins
  2 hobgoblins
  3 jackals (D:2)
  2 quokkas (D:1)
  3 ball pythons (D:1)
  2 frilled lizards (D:1)
  5 kobolds
  4 rats
38 creatures vanquished.

Notes
Turn   | Place    | Note
-------+----------+-------------------------------------------
     0 | D:1      | qw the Ghoul Fire Elementalist began the quest for the Orb.
     0 | D:1      | Reached XP level 1. HP: 14/14 MP: 2/2
     0 | D:1      | 0 ||| qw: Version: 0.1-a-90-g952f4b7
     0 | D:1      | 0 ||| qw: Game counter: 4161
     0 | D:1      | 0 ||| qw: Always use a shield: true
     0 | D:1      | 0 ||| qw: God list: Okawaru
     0 | D:1      | 0 ||| qw: Allow faded altars: false
     0 | D:1      | 0 ||| qw: Do Orc after D:15 true
     0 | D:1      | 0 ||| qw: Do second Lair branch before Depths: true
     0 | D:1      | 0 ||| qw: Lair rune preference: random
     0 | D:1      | 0 ||| qw: Plans: Normal
     0 | D:1      | 0 ||| PLANNING D:1-11
   357 | D:1      | Reached skill level 1 in Unarmed Combat
   489 | D:1      | Reached XP level 2. HP: 22/22 MP: 3/3
   507 | D:1      | Reached skill level 1 in Fighting
   531 | D:1      | 531 ||| Stepping ~*~*~tactically~*~*~ (stealth).
   532 | D:1      | 532 ||| Stepping ~*~*~tactically~*~*~ (stealth).
   534 | D:1      | 534 ||| Stepping ~*~*~tactically~*~*~ (stealth).
   535 | D:1      | 535 ||| Stepping ~*~*~tactically~*~*~ (stealth).
   537 | D:1      | 537 ||| Stepping ~*~*~tactically~*~*~ (stealth).
   709 | D:1      | HP: 2/23 [quokka (5)]
  1101 | D:1      | 1101 ||| UPGRADING to +0 buckler.
  1106 | D:1      | 1106 ||| READING scroll labelled HOLYSCH GODUSU.
  1107 | D:1      | 1107 ||| READING scroll labelled UCSAYDWY MEMEZU.
  1108 | D:1      | 1108 ||| READING scroll labelled DEIMOZ QOXED.
  1109 | D:1      | 1109 ||| READING scroll labelled IFAISHR LOOLAGEDIE.
  1110 | D:1      | 1110 ||| DROPPING potion of magic.
  1151 | D:2      | Reached skill level 2 in Unarmed Combat
  1156 | D:2      | 1156 ||| Stepping ~*~*~tactically~*~*~ (outnumbered).
  1167 | D:2      | Reached XP level 3. HP: 10/28 MP: 4/4
  1184 | D:2      | 1184 ||| FLEEEEING.
  1185 | D:2      | 1185 ||| STAIRDANCE
  1412 | D:2      | Found the +7 Throatcutter {drain, coup de grace}
  1421 | D:2      | 1421 ||| Stepping ~*~*~tactically~*~*~ (stealth).
  1423 | D:2      | 1423 ||| Stepping ~*~*~tactically~*~*~ (stealth).
  1432 | D:2      | 1432 ||| Stepping ~*~*~tactically~*~*~ (stealth).
  1456 | D:2      | Reached skill level 3 in Unarmed Combat
  1473 | D:2      | 1473 ||| FLEEEEING.
  1476 | D:2      | 1476 ||| STAIRDANCE
  1607 | D:1      | 1607 ||| UPGRADING to ring of resist corrosion.
  1670 | D:2      | 1670 ||| Stepping ~*~*~tactically~*~*~ (stealth).
  1672 | D:2      | 1672 ||| Stepping ~*~*~tactically~*~*~ (stealth).
  1674 | D:2      | 1674 ||| Stepping ~*~*~tactically~*~*~ (stealth).
  1675 | D:2      | 1675 ||| Stepping ~*~*~tactically~*~*~ (stealth).
  1676 | D:2      | 1676 ||| Stepping ~*~*~tactically~*~*~ (stealth).
  1677 | D:2      | 1677 ||| Stepping ~*~*~tactically~*~*~ (stealth).
  1686 | D:2      | 1686 ||| Stepping ~*~*~tactically~*~*~ (outnumbered).
  1756 | D:2      | 1756 ||| FLEEEEING.
  1757 | D:2      | 1757 ||| FLEEEEING.
  1758 | D:2      | 1758 ||| FLEEEEING.
  1759 | D:2      | 1759 ||| FLEEEEING.
  1760 | D:2      | 1760 ||| FLEEEEING.
  1762 | D:2      | 1762 ||| FLEEEEING.
  1768 | D:2      | 1768 ||| FLEEEEING.
  1769 | D:2      | 1769 ||| FLEEEEING.
  1787 | D:2      | 1787 ||| FLEEEEING.
  1794 | D:2      | 1794 ||| STAIRDANCE
  1857 | D:1      | 1857 ||| READING scroll labelled DUBER LUZAENI.
  1972 | D:2      | Reached XP level 4. HP: 35/35 MP: 5/5
  2010 | D:2      | HP: 7/35 [worm (7)]
  2274 | D:2      | HP: 4/35 [gnoll/+0 spear (5)]
  2275 | D:2      | Slain by a gnoll

Levels and vault maps discovered:
D:1:      shiori_shiawase, layout_loops_cross, serial_glass, glass_columns_a,
          glass_columns_c, glass_columns_a, glass_columns_a
D:2:      cheibrodos_helix_gallery, layout_basic, kennysheep_cluttered_room

Skill      XL: |  1  2  3 |
---------------+----------+-----
Unarmed Combat | 1 2 3 |  3.8
Fighting       | 1 |  1.1
Dodging        | |  1.7
Stealth        | |  2.1
Spellcasting   | |  1.7
Conjurations   | |  0.7
Fire Magic     | |  2.4

Action                   |  1- 3 |  4- 6 || total
-------------------------+-------+-------++-------
Melee: Unarmed           |   116 |    22 ||   138
Throw: Javelin           |    13 |       ||    13
  Use: Scroll            |     5 |       ||     5
Armor: Robe              |    24 |     2 ||    26
Dodge: Dodged            |    88 |     9 ||    97
Block: Buckler           |    11 |     5 ||    16

Table legend:
 A = Non-vault XP
 B = Vault XP
 C = Vault XP percentage of total XP
 D = Non-vault monster count
 E = Vault monster count
 F = Vault count percentage of total count
                 A         B        C        D         E       F
            +---------+---------+-------+---------+---------+-------
      Total |      92 |      14 |  13.2 |      36 |       2 |   5.3
            +---------+---------+-------+---------+---------+-------
        D:1 |      23 |       0 |   0.0 |      16 |       0 |   0.0
        D:2 |      69 |      14 |  16.9 |      20 |       2 |   9.1
            +---------+---------+-------+---------+---------+-------
